 Dungeon Crawl Stone Soup version 0.29.1-15-g9cfb28693d (webtiles) character file.

Game seed: 2429063455376449000

551 Sanktem7 the Trooper (level 7, 0/64 HPs)
             Began as a Minotaur Fighter on Feb 25, 2023.
             Was a Follower of Okawaru.
             Slain by a gnoll
             ... wielding a +0 spear
              (2 damage)
             ... on level 5 of the Dungeon.
             The game lasted 00:06:01 (4386 turns).

Sanktem7 the Trooper (Minotaur Fighter)             Turns: 4386, Time: 00:06:01

Health: 0/64       AC: 10    Str: 23    XL:     7   Next: 7%
Magic:  2/2        EV:  7    Int: 11    God:    Okawaru [*.....]
Gold:   223        SH:  9    Dex:  9    Spells: 6/6 levels left

rFire   + + .      SeeInvis .   z - +7 whip "Kiliuv" {antimagic, rC+ rN+, mace}
rCold   + . .      Faith    .   c - +0 buckler
rNeg    + . .      Spirit   .   i - +0 chain mail
rPois   +          Reflect  +   (helmet restricted)
rElec   +          Harm     .   (no cloak)
rCorr   +          Rampage  .   (no gloves)
Will    .....                   (no boots)
Stlth   ..........              u - amulet of reflection
HPRegen 0.20/turn               x - ring of fire
MPRegen 0.08/turn               D - +6 ring of intelligence

@: resistant
A: horns 2, retaliatory headbutt
a: Renounce Religion, Heroism


You were on level 5 of the Dungeon.
You worshipped Okawaru.
Okawaru was aware of your devotion.
You visited 1 branch of the dungeon, and saw 5 of its levels.

You collected 223 gold pieces.


Innate Abilities, Weirdness & Mutations

You have a pair of horns on your head.
You reflexively headbutt those who attack you in melee.


   Skills:
 * Level 6.9 Fighting
 - Level 5.3(5.5) Axes
 + Level 2.1(4.0) Maces & Flails
 + Level 5.5 Armour
 - Level 3.6 Shields


You had 6 spell levels left.
You didn't know any spells.
Your spell library contained the following spells:

 Spells                   Type           Power      Damage    Failure   Level
 Portal Projectile        Hex/Tloc       0%         N/A       100%        3
 Airstrike                Air            0%         2d(0-16)  100%        4
 Blade Hands              Tmut           0%         N/A       100%        5
 Lightning Bolt           Conj/Air       0%         1d11      100%        5
 Tukima's Dance           Hex            Unusable   N/A       N/A         3
 Summon Lightning Spire   Summ/Air       Unusable   N/A       N/A         4

Inventory:

Hand Weapons
 a - a +0 war axe {axe}
 v - a +0 morningstar of flaming {mace}
   (You took it off an orc on level 4 of the Dungeon)
 z - the +7 whip "Kiliuv" (weapon) {antimagic, rC+ rN+, mace}
   (You took it off an orc on level 4 of the Dungeon)

   It reduces the magical energy of the wielder, and disrupts the spells and
   magical abilities of those it strikes.
   Natural abilities and divine invocations are not affected.
   rC:        It protects you from cold.
   rN:        It protects you from negative energy.
Missiles
 e - 45 stones (quivered) {throwing}
 f - 6 javelins {throwing}
 g - 7 poisoned darts {throwing}
 q - 2 boomerangs {throwing}
Armour
 c - a +0 buckler (worn)
 i - a +0 chain mail (worn)
   (You found it on level 1 of the Dungeon)
 w - a +0 leather armour
   (You took it off an orc on level 4 of the Dungeon)
Jewellery
 u - an amulet of reflection (around neck)
   (You found it on level 3 of the Dungeon)
 x - a ring of fire (left hand)
   (You took it off a goblin on level 4 of the Dungeon)
 D - a +6 ring of intelligence (right hand)
   (You found it on level 4 of the Dungeon)
Scrolls
 h - 3 scrolls of vulnerability {unknown}
 k - a scroll of summoning {unknown}
 n - 2 scrolls of fear {unknown}
 p - a scroll of enchant weapon {unknown}
 r - a scroll of immolation {unknown}
 s - a scroll of brand weapon {unknown}
 t - a scroll of teleportation {unknown}
 y - 2 scrolls of poison {unknown}
 B - a scroll of magic mapping {unknown}
 C - a scroll of enchant armour {unknown}
 F - a scroll of fog {unknown}
Potions
 b - a potion of resistance
 d - 4 potions of might
 j - 2 potions of heal wounds {unknown}
 l - 2 potions of brilliance {unknown}
 m - 3 potions of haste {@q3}
 o - a potion of curing {unknown}
 A - a potion of mutation {unknown}
 E - a potion of cancellation {unknown}

Dungeon Overview and Level Annotations

Branches:
Dungeon (5/15) Zot: 25555  Temple (0/1) D:4

Altars:
Elyvilon
Fedhas
Gozag
Hepliaklqana
Makhleb
Nemelex Xobeh
Okawaru
Sif Muna
Uskayaw
Wu Jian
Zin

Shops:
D:5 *

Annotations:
D:3 3 runed translucent doors, zeram's ghost, amateur HOFi

.......... ...#
.......... .....#
.....#######...###
.....'...........######
.....###..............#
##...# #..............#
##### ##.####.g......#
#..###.S......#
##..##.h@.....#
##....g......#
####........#
#........# #..........
#.......... #########.#
.#


You could see a hound, 2 gnolls and an adder.


Message History

You take 3 damage, and now have 56/64 hp.
You hit the adder. Your headbutt misses the adder.
You block the adder's attack. The hound bites you but does no damage.
The gnoll hits you but does no damage. You block the gnoll's attack.
The adder bites you but does no damage.
You closely miss the adder. The hound bites you but does no damage.
The hound bites you. The gnoll closely misses you.
The gnoll hits you from afar with a +0 spear!
You block the gnoll's attack. The gnoll barely misses you.
You furiously retaliate!
You headbutt the gnoll. You block the adder's attack.
You are too injured to fight recklessly! 😮 HP[-8]
You take 8 damage, and now have 48/64 hp.
You are too injured to fight recklessly!
You are too injured to fight recklessly!
You are too injured to fight recklessly!
You are too injured to fight recklessly!
You are too injured to fight recklessly!
You are too injured to fight recklessly!
You are too injured to fight recklessly!
You are too injured to fight recklessly!
You are too injured to fight recklessly!
You are too injured to fight recklessly!
You are too injured to fight recklessly!
You are too injured to fight recklessly!
You are too injured to fight recklessly!
You are too injured to fight recklessly!
You are too injured to fight recklessly!
You are too injured to fight recklessly!
You are too injured to fight recklessly!
You are too injured to fight recklessly!
You are too injured to fight recklessly!
You are too injured to fight recklessly!
You are too injured to fight recklessly!
Unknown command.
You hit the gnoll. The hound bites you. The adder bites you but does no damage.
You block the gnoll's attack. The gnoll hits you but does no damage.
The gnoll hits you with a +0 whip.
The gnoll hits you but does no damage. 😮 HP[-7]
You take 7 damage, and now have 41/64 hp.
You hit the gnoll. You headbutt the gnoll. You block the hound's attack.
The adder bites you but does no damage. You block the hound's attack.
The gnoll hits you from afar with a +0 spear.
The gnoll hits you with a +0 whip. The gnoll closely misses you.
The gnoll hits you with a +0 flail. 😮 HP[-5]
You take 5 damage, and now have 36/64 hp.
You hit the gnoll.
You kill the gnoll!
Okawaru accepts your kill. You block the adder's attack.
The hound bites you but does no damage. The gnoll barely misses you.
The gnoll hits you with a +0 flail.
* * * LOW HITPOINT WARNING * * *
The gnoll hits you from afar with a +0 spear.
* * * LOW HITPOINT WARNING * * *
😨 HP[-9]
You take 9 damage, and now have 27/64 hp.
The hound bites you but does no damage. The adder bites you.
* * * LOW HITPOINT WARNING * * *
The hound barely misses you. You furiously retaliate!
You headbutt the hound. You block the adder's attack.
You block the gnoll's attack. The gnoll hits you but does no damage.
You block the gnoll's attack.
Things that are here:
a +0 whip {mace}; 2 throwing nets {=f!fthrowing}; a gnoll corpse 😨 HP[-1]
You take 1 damage, and now have 26/64 hp.
You whack the gnoll! You headbutt the gnoll.
You kill the gnoll!
Okawaru accepts your kill. The hound bites you but does no damage.
You block the adder's attack. 😨 HP[+1]
The gnoll attacks as you move away! The gnoll hits you with a +0 flail!
* * * LOW HITPOINT WARNING * * *
The gnoll hits you from afar with a +0 spear!
* * * LOW HITPOINT WARNING * * *
The adder bites you.
* * * LOW HITPOINT WARNING * * *
You block the hound's attack.
Things that are here:
a +0 spear {polearm}; a gnoll corpse; 😱 HP[-18]
You take 18 damage, and now have 9/64 hp.
MASSIVE DAMAGE!! (PAUSE)
You hit the gnoll. You block the gnoll's attack. x2
The adder barely misses you. The hound bites you but does no damage.
You hit the gnoll but do no damage. The adder barely misses you.
You block the hound's attack. The gnoll hits you with a +0 flail.
* * * LOW HITPOINT WARNING * * *
The gnoll hits you from afar with a +0 spear.
* * * LOW HITPOINT WARNING * * *
The adder bites you but does no damage. 😱 HP[-5]
You take 5 damage, and now have 4/64 hp.
Okay, then.
It was a potion of resistance.
You feel protected. The hound bites you.
* * * LOW HITPOINT WARNING * * *
The gnoll hits you but does no damage.
The gnoll hits you from afar with a +0 spear.
You die...

Skill      XL: |  1  2  3  4  5  6 |
---------------+-------------------+-----
Fighting       | 4 5 6 |  6.9
Axes           | 3 4 5 |  5.3
Armour         | 4 5 |  5.5
Maces & Flails | 2 |  2.1
Shields        | |  3.6

Action                   |  1- 3 |  4- 6 |  7- 9 || total
-------------------------+-------+-------+-------++-------
Melee: War axe           |    98 |    67 |       ||   165
       Headbutt          |    11 |    12 |     2 ||    25
       Whip              |       |    19 |    11 ||    30
       Morningstar       |       |    10 |       ||    10
  Use: Potion            |       |       |     1 ||     1
Armor: Scale mail        |    21 |       |       ||    21
       Chain mail        |    37 |    52 |    19 ||   108
Dodge: Dodged            |    42 |    40 |     9 ||    91
Block: Buckler           |    30 |    41 |    17 ||    88
       Reflection        |       |     5 |       ||     5

Levels and vault maps discovered:
D:1:      sevenhm_arrival_forest_fort_small_6, layout_basic
D:2:      layout_rooms, shapermc_ecumenical_altar_venn, minmay_strange_pillars
D:3:      layout_loops_corners, grunt_gozag_breadcrumbs,
          grunt_temple_overflow_octagram, gammafunk_ghost_icy,
          minmay_misc_feat_secret_circle, kennysheep_generic_room_6
D:4:      layout_cave_pods, temple_hall
D:5:      layout_basic, zin_purify, lemuel_coloured_pillars_altar

Notes
Turn   | Place    | Note
-------+----------+-------------------------------------------
     0 | D:1      | Sanktem7 the Minotaur Fighter began the quest for the Orb.
     0 | D:1      | Reached XP level 1. HP: 19/19 MP: 0/0
     0 | D:1      | magus.rc [v1.9.6]
     1 | D:1      | Found a white marble altar of Elyvilon.
   241 | D:1      | Reached XP level 2. HP: 23/27 MP: 1/1
   246 | D:1      | Reached skill level 4 in Fighting
   351 | D:1      | You pick up a book of Weapons and begin reading...
   351 | D:1      | You add the spells Tukima's Dance, Portal Projectile and
                  | Blade Hands to your library.
   370 | D:1      | Reached skill level 3 in Axes
  1007 | D:2      | Found a faded altar of an unknown god.
  1018 | D:2      | Reached skill level 4 in Armour
  1018 | D:2      | Reached XP level 3. HP: 33/33 MP: 2/2
  1459 | D:2      | Identified the +6 dagger of Magnificence {spect, rPois rN+
                  | Dex+3}
  1753 | D:3      | Found a runed translucent gate.
  1753 | D:3      | Found a runed translucent gate.
  1753 | D:3      | Found a runed translucent gate.
  1784 | D:3      | Noticed zeram's ghost (amateur HOFi)
  2029 | D:3      | Noticed a phantom
  2038 | D:3      | Killed a phantom
  2039 | D:3      | Reached skill level 5 in Fighting
  2039 | D:3      | Reached skill level 4 in Axes
  2039 | D:3      | Reached XP level 4. HP: 41/42 MP: 3/3
  2039 | D:3      | Reached XP level 5. HP: 46/48 MP: 4/4
  2537 | D:3      | Found an opulent altar of Gozag.
  2797 | D:3      | Found a sparkling altar of Nemelex Xobeh.
  2802 | D:3      | Found an ornate altar of the Wu Jian Council.
  2810 | D:3      | Found a hazy altar of Hepliaklqana.
  2815 | D:3      | Found a blossoming altar of Fedhas.
  2822 | D:3      | Found a hide-covered altar of Uskayaw.
  2828 | D:3      | Found a shimmering blue altar of Sif Muna.
  2842 | D:3      | Found an iron altar of Okawaru.
  2846 | D:3      | Became a worshipper of Warmaster Okawaru
  2875 | D:4      | Reached skill level 5 in Axes
  3086 | D:4      | Reached XP level 6. HP: 20/57 MP: 5/5
  3088 | D:4      | HP: 13/57 [orc/+0 morningstar of flaming (2)]
  3365 | D:4      | Reached skill level 6 in Fighting
  3372 | D:4      | Identified the +7 whip "Kiliuv" {antimagic, rC+ rN+}
  3388 | D:4      | Reached skill level 1 in Maces & Flails
  3388 | D:4      | Reached skill level 5 in Armour
  3992 | D:4      | Found a staircase to the Ecumenical Temple.
  4032 | D:5      | Entered Level 5 of the Dungeon
  4045 | D:5      | You pick up a book of Storms and begin reading...
  4045 | D:5      | You add the spells Airstrike and Lightning Bolt to your
                  | library.
  4051 | D:5      | Found a burning altar of Makhleb.
  4210 | D:5      | Reached * piety under Okawaru
  4211 | D:5      | Reached skill level 2 in Maces & Flails
  4211 | D:5      | Reached XP level 7. HP: 64/64 MP: 2/6
  4339 | D:5      | Found Zin's Purification Station.
  4340 | D:5      | Found a glowing silver altar of Zin.
  4383 | D:5      | HP: 11/64 [gnoll/+0 spear (7)]
  4385 | D:5      | HP: 4/64 [gnoll/+0 spear (2)]
  4386 | D:5      | Slain by a gnoll

Vanquished Creatures
  A black bear (D:4)
  2 phantoms
  3 iguanas (D:4)
  2 orc wizards (D:4)
  5 gnolls
  5 adders
  A worm (D:3)
  A dart slug (D:4)
  10 orcs
  5 ball pythons
  2 endoplasms
  4 giant cockroaches
  10 goblins
  4 hobgoblins
  5 jackals
  5 quokkas
  3 bats
  2 frilled lizards
  6 kobolds
  8 rats
84 creatures vanquished.

Table legend:
 A = Non-vault XP
 B = Vault XP
 C = Vault XP percentage of total XP
 D = Non-vault monster count
 E = Vault monster count
 F = Vault count percentage of total count
                 A         B        C        D         E       F
            +---------+---------+-------+---------+---------+-------
      Total |     785 |       3 |   0.4 |      82 |       2 |   2.4
            +---------+---------+-------+---------+---------+-------
        D:1 |      27 |       0 |   0.0 |      16 |       0 |   0.0
        D:2 |      45 |       0 |   0.0 |      12 |       0 |   0.0
        D:3 |     203 |       3 |   1.5 |      26 |       2 |   7.1
        D:4 |     376 |       0 |   0.0 |      24 |       0 |   0.0
        D:5 |     134 |       0 |   0.0 |       4 |       0 |   0.0
            +---------+---------+-------+---------+---------+-------

Illustrated notes

Table legend:
 A = Kills in this place as a percentage of kills in entire the game.
 B = Kills by you in this place as a percentage of kills by you in the entire game.
 C = Kills by friends in this place as a percentage of kills by friends in the entire game.
 D = Other kills in this place as a percentage of other kills in the entire game.
 E = Experience gained in this place as a percentage of experience gained in the entire game.
 F = Experience gained in this place divided by the number of levels of this place that you have seen.
                   A       B       C       D       E      F
               +-------+-------+-------+-------+-------+----------------------
         Total | 100.0 | 100.0 |   N/A |   N/A | 100.0 | 157.6
       Dungeon | 100.0 | 100.0 |   N/A |   N/A | 100.0 | 157.6
               +-------+-------+-------+-------+-------+----------------------

Table legend: (Time is in decaauts)
 A = Elapsed time spent in this place.
 B = Non-inter-level travel time spent in this place.
 C = Inter-level travel time spent in this place.
 D = Time resting spent in this place.
 E = Time spent auto-exploring this place.
 F = Levels seen in this place.
 G = Mean time per level.
                   A        B        C        D        E       F      G
               +--------+--------+--------+--------+--------+-----+--------+
         Total |   4443 |   4336 |    107 |      0 |   3787 |   5 |  888.6 |
       Dungeon |   4443 |   4336 |    107 |      0 |   3787 |   5 |  888.6 |
               +--------+--------+--------+--------+--------+-----+--------+

Top non-repeatable levels by time:
     D:4: 1174 daAuts
     D:3: 1172 daAuts
     D:1: 1009 daAuts
     D:2: 735 daAuts
     D:5: 352 daAuts
